 Dungeon Crawl Stone Soup version 0.32-a0-468-g38b2580584 (webtiles) character file.

Game seed: 17702781576098563310

5210 Dirtsage the Cleaver (level 10, 0/84 HPs)
             Began as a Mountain Dwarf Fighter on Feb 24, 2024.
             Was a Priest of Okawaru.
             Slain by a sixfirhy (10 damage)
             ... summoned by a kobold demonologist
             ... on level 9 of the Dungeon.
             The game lasted 00:14:49 (9102 turns).

Dirtsage the Cleaver (Mountain Dwarf Fighter)       Turns: 9102, Time: 00:14:49

Health: 0/84       AC: 13    Str: 23    XL:     10   Next: 35%
Magic:  11/12      EV: 12    Int:  9    God:    Okawaru [***...]
Gold:   514        SH:  6    Dex:  9    Spells: 9/9 levels left

rFire   + . .        a - +0 war axe
rCold   . . .        c - +0 buckler
rNeg    + . .        s - +0 steam dragon scales
rPois   .            m - +0 helmet
rElec   .            x - +0 cloak
rCorr   .            g - +0 pair of gloves
SInv    .            l - +0 pair of boots
Will    +....        (no amulet)
Stlth   +++          F - ring of protection from fire
HPRegen 0.34/turn    N - ring of positive energy
MPRegen 0.13/turn

%: no passive effects
@: heroic
A: runic magic, artefact enchanting
a: Renounce Religion, Heroism


You were on level 9 of the Dungeon.
You worshipped Okawaru.
Okawaru was most pleased with you.
You visited 2 branches of the dungeon, and saw 10 of its levels.

You collected 514 gold pieces.

Inventory:

Hand Weapons
 a - a +0 war axe (weapon)
 q - the +7 Throatcutter {drain, coup de grace}
   (You found it on level 5 of the Dungeon)
 G - a +0 morningstar
Armour
 b - a +0 scale mail
 c - a +0 buckler (worn)
 g - a +0 pair of gloves (worn)
 l - a +0 pair of boots (worn)
 m - a +0 helmet (worn)
 r - a scarf of shadows
 s - +0 steam dragon scales (worn)
 x - a +0 cloak (worn)
Magical Staves
 t - a staff of earth
Jewellery
 F - a ring of protection from fire (left hand)
 N - a ring of positive energy (right hand)
Wands
 v - a wand of roots (7)
 C - a wand of paralysis (10)
 H - a wand of light (11)
Scrolls
 e - a scroll of blinking {unknown}
 f - a scroll of silence {unknown}
 h - a scroll of brand weapon {unknown}
 i - 3 scrolls of identify
 k - a scroll of enchant weapon {unknown}
 o - a scroll of fog {unknown}
 p - a scroll of poison {unknown}
 y - 2 scrolls of teleportation {unknown}
 A - a scroll of immolation {unknown}
 B - a scroll of vulnerability {unknown}
 L - 2 scrolls of enchant armour {unknown}
Potions
 d - 3 potions of might
 j - a potion of berserk rage {unknown}
 n - 2 potions of resistance
 u - a potion of attraction
 w - a potion of mutation
 z - a potion of lignification
 D - a potion of heal wounds {unknown}
 E - a potion of enlightenment
 I - a potion of magic
 J - a potion of invisibility
 K - a potion of cancellation


   Skills:
 + Level 6.7(11.7) Fighting
 * Level 14.4(19.4) Axes
 + Level 6.6(11.6) Armour
 + Level 6.6(11.6) Shields
 + Level 3.2 Invocations


You had 9 spell levels left.
You didn't know any spells.
Your spell library contained the following spells:

 Spells                   Type           Power      Damage    Failure   Level
 Foxfire                  Conj/Fire      0%         2x1d4     41%         1
 Borgnjor's Vile Clutch   Necr/Erth      0%         N/A       100%        5
 Plasma Beam              Fire/Air       0%         2x1d10    100%        6
 Starburst                Conj/Fire      0%         6d3       100%        6
 Animate Dead             Necr           Unusable   N/A       N/A         4
 Death Channel            Necr           Unusable   N/A       N/A         6

Dungeon Overview and Level Annotations

Branches:
Dungeon (9/15)             Temple (1/1) D:5
   Lair: D:8-11         Orc: D:9-12

Altars:
Ashenzari
Cheibriados
Dithmenos
Elyvilon
Fedhas
Hepliaklqana
Kikubaaqudgha
Makhleb
Nemelex Xobeh
Okawaru
Qazlal
Ru
Sif Muna
Trog
Uskayaw
Vehumet
Wu Jian
Xom
Yredelemnul
Zin
The Shining One
Beogh

Shops:
D:6 **

Annotations:
D:6 1 runed translucent door, p0werm0de's ghost, amateur MDCK


Innate Abilities, Weirdness & Mutations

Your spellcasting is much less encumbered by armour.
You can use scrolls of enchantment on lesser artefacts.


Message History

The kobold demonologist casts a spell.
You hit the kobold.
You kill the kobold!
You slash the kobold brigand!
The kobold brigand is heavily wounded.
You barely miss the kobold brigand.
The kobold brigand is heavily wounded.
You block the kobold brigand's attack.
You hit the kobold brigand but do no damage.
The kobold brigand is heavily wounded.
You block the kobold brigand's attack.
The kobold demonologist looks encouraged for a moment.
You slash the kobold brigand!
The kobold brigand is almost dead.
You slash the kobold brigand!
You kill the kobold brigand!
Okawaru accepts your kill.
You hit the kobold.
You kill the kobold!
Okawaru accepts your kill. The sixfirhy hits you! The sixfirhy shocks you!
The sixfirhy closely misses you.
You take 19 damage, and have 47/84 hp.
MASSIVE DAMAGE!!
You closely miss the sixfirhy. The sixfirhy hits you. The sixfirhy shocks you!
The sixfirhy hits you. The sixfirhy shocks you!
* * * LOW HITPOINT WARNING * * *
You take 23 damage, and have 24/84 hp.
MASSIVE DAMAGE!!
Aiming: Bolt of Light
Press: ? - help, Shift-Dir - straight line, f - kobold demonologist
Aim: a kobold demonologist, wielding a +0 dagger and wearing a +0 robe (60% to hit)
The bolt of light misses the sixfirhy.
The bolt of light hits the kobold demonologist!
The kobold demonologist is moderately wounded.
The kobold demonologist is blinded.
The sixfirhy hits you.
* * * LOW HITPOINT WARNING * * *
The sixfirhy shocks you!
* * * LOW HITPOINT WARNING * * *
The sixfirhy hits you!
You die...

##...###..####.####..##..
##...#########.####..##..
#.................+...(..
#.................#......
##....##....##...######..
##....#########'#######..
#........................
#........................
###+####@######+#####..#.
#...###3## #####
#..D..KKK# #......K.#
+........# #...##...#
######...# #...# #..##


You could see a kobold demonologist (blind, unable to see you), a sixfirhy
(summoned), 2 kobold brigands and a kobold.

Vanquished Creatures
  Pikel (D:4)
  A troll (D:9)
  Grinder (D:6)
  Sigmund (D:4)
  2 wyverns
  2 steam dragons
  Menkaure (D:7)
  An acid dragon (D:9)
  A water moccasin (D:7)
  An orc warrior (D:8)
  A black bear (D:7)
  A centaur (D:8)
  2 lemures (D:4)
  An ogre (D:5)
  A phantom (D:5)
  10 kobold brigands
  3 bullfrogs
  4 scorpions
  4 wights (D:7)
  9 killer bees (D:9)
  An electric eel (D:6)
  A howler monkey (D:7)
  5 bombardier beetles
  A hound (D:5)
  A jelly (D:5)
  9 orc priests
  A gnoll bouda (D:8)
  3 iguanas
  5 orc wizards
  Robin (D:3)
  7 gnolls
  10 adders
  A shadow imp (D:7)
  2 white imps
  A ribbon worm (D:3)
  4 dart slugs
  27 orcs
  5 ball pythons
  6 endoplasms
  A giant cockroach (D:3)
  11 goblins
  9 hobgoblins
  6 jackals
  2 quokkas
  A bat (D:1)
  14 frilled lizards
  14 kobolds
  3 rats (D:1)
  A spectral goblin (D:4)
201 creatures vanquished.

Vanquished Creatures (others)
  An orc wizard (D:8)
1 creature vanquished.

Grand Total: 202 creatures vanquished

Notes
Turn   | Place    | Note
-------+----------+-------------------------------------------
     0 | D:1      | Dirtsage the Mountain Dwarf Fighter began the quest for the
                  | Orb.
     0 | D:1      | Reached XP level 1. HP: 19/19 MP: 1/1
   332 | D:1      | Reached XP level 2. HP: 25/26 MP: 2/2
   395 | D:1      | Reached skill level 3 in Axes
  1021 | D:2      | Reached XP level 3. HP: 16/31 MP: 3/3
  1132 | D:2      | Found a glowing golden altar of the Shining One.
  1144 | D:2      | Reached skill level 4 in Axes
  1251 | D:2      | Found a roughly hewn altar of Beogh.
  1307 | D:2      | Found a faded altar of an unknown god.
  1625 | D:3      | Reached XP level 4. HP: 32/38 MP: 4/4
  1668 | D:3      | Reached skill level 5 in Axes
  1874 | D:3      | Reached skill level 6 in Axes
  1884 | D:3      | Reached XP level 5. HP: 42/45 MP: 5/5
  2175 | D:3      | Noticed Robin
  2192 | D:3      | Killed Robin
  2461 | D:4      | Noticed a lemure
  2462 | D:4      | Noticed a lemure
  2480 | D:4      | Found a hazy altar of Hepliaklqana.
  2525 | D:3      | Reached skill level 7 in Axes
  2661 | D:4      | Noticed Sigmund
  2672 | D:4      | Killed Sigmund
  2673 | D:4      | Reached skill level 8 in Axes
  2673 | D:4      | Reached XP level 6. HP: 38/51 MP: 6/6
  2899 | D:4      | Found an iron altar of Okawaru.
  2900 | D:4      | Noticed Pikel
  2932 | D:4      | Killed Pikel
  2933 | D:4      | Reached skill level 10 in Axes
  2933 | D:4      | Reached XP level 7. HP: 34/57 MP: 7/7
  3041 | D:4      | Found a snail-covered altar of Cheibriados.
  3382 | D:4      | Reached skill level 11 in Axes
  3539 | D:4      | Reached XP level 8. HP: 63/63 MP: 8/8
  3650 | D:4      | Became a worshipper of Warmaster Okawaru
  3681 | D:5      | Entered Level 5 of the Dungeon
  3694 | D:5      | Found a hide-covered altar of Uskayaw.
  3700 | D:5      | Found a staircase to the Ecumenical Temple.
  3709 | Temple   | Entered the Ecumenical Temple
  4600 | D:5      | Reached skill level 12 in Axes
  4619 | D:5      | Reached * piety under Okawaru
  4645 | D:5      | Found the +7 Throatcutter {drain, coup de grace}
  4985 | D:6      | Reached XP level 9. HP: 64/73 MP: 9/9
  5212 | D:6      | Noticed Grinder
  5218 | D:6      | Paralysed by Grinder for 4 turns
  5229 | D:6      | Paralysed by Grinder for 3 turns
  5234 | D:6      | Killed Grinder
  5234 | D:6      | Reached ** piety under Okawaru
  5235 | D:6      | Reached skill level 5 in Fighting
  5235 | D:6      | Reached skill level 5 in Armour
  5235 | D:6      | Reached skill level 5 in Shields
  5336 | D:6      | Found Sackiyfu's Elemental Accessories.
  5634 | D:6      | Noticed p0werm0de's ghost (amateur MDCK)
  5660 | D:6      | Found Utafianox's Assorted Antiques.
  5880 | D:6      | Found a runed translucent door.
  5986 | D:6      | Found a burning altar of Makhleb.
  5986 | D:6      | Noticed an Executioner
  6474 | D:7      | Reached skill level 13 in Axes
  6509 | D:7      | Found a bloodstained altar of Trog.
  6816 | D:7      | Noticed Menkaure
  6821 | D:7      | Killed Menkaure
  7631 | D:8      | Reached skill level 1 in Invocations
  7738 | D:8      | Found a white marble altar of Elyvilon.
  7755 | D:8      | Reached XP level 10. HP: 72/83 MP: 9/11
  8227 | D:9      | Reached skill level 14 in Axes
  8387 | D:9      | Reached *** piety under Okawaru
  9094 | D:9      | Noticed a sixfirhy
  9102 | D:9      | Slain by a sixfirhy

Illustrated notes

Levels and vault maps discovered:
D:1:      kennysheep_arrival_seaside, layout_loops_ring, serial_glass,
          glass_columns_b, glass_columns_a
D:2:      layout_loops_ring, hellmonk_ecumenical_altar_defaced_shrine,
          basic_altar
D:3:      layout_loops_ring, dk_noncrumbling_3, corexii_leaking_fountain,
          minmay_lizard_king, uniq_robin
D:4:      wad_lake_hut, layout_cave_pools, okawaru_trees_2,
          nicolae_hepliaklqana_monster_ancestors, chei_slow_surprise,
          uniq_pikel, uniq_sigmund
D:5:      layout_loops_corners, nicolae_uskayaw_murder_on_the_dancefloor,
          minmay_temple_entry_statues_fountains, wad_floor_pattern_1,
          dilly_guarded_unrand_throatcut
D:6:      layout_basic, makhleb_altar_promises_db,
          hellmonk_ghost_happy_afterlife, serial_shops,
          nicolae_inconvenience_store, minivault_23, nicolae_elemental_shop,
          nicolae_concentric_dashed_squares_mild, st_stairs_7, uniq_grinder
D:7:      nicolae_cairo_tiling_large_dashed, layout_loops_ring,
          trog_three_pillars_becter, uniq_menkaure
D:8:      layout_rooms, elyvilon_altar_1
D:9:      layout_gridville, lemuel_tele_altar, eino_jars, uniq_amaemon,
          uniq_prince_ribbit1
Temple:   zaba_magenta_temple

Skill      XL: |  1  2  3  4  5  6  7  8  9 10 |
---------------+-------------------------------+-----
Axes           | 3 4 6 8 10 11 12 13 14 | 14.4
Fighting       | 4 6 |  6.7
Shields        | 4 6 |  6.6
Armour         | 4 6 |  6.6
Invocations    | 1 3 |  3.2

Action                     |  1- 3 |  4- 6 |  7- 9 | 10-12 || total
---------------------------+-------+-------+-------+-------++-------
  Melee: War axe           |   121 |   145 |   373 |   102 ||   741
  Throw: Dart              |       |       |     1 |       ||     1
 Invoke: Heroism           |       |       |     1 |     3 ||     4
  Evoke: Wand              |       |       |     1 |     1 ||     2
    Use: Potion            |       |     2 |     6 |       ||     8
         Scroll            |       |       |     2 |     4 ||     6
 Armour: Scale mail        |    99 |   118 |    91 |       ||   308
         Skin              |       |       |    12 |       ||    12
         Steam dragon scal |       |       |   100 |    91 ||   191
  Dodge: Dodged            |    62 |    65 |   128 |    79 ||   334
  Block: Buckler           |    24 |    24 |    71 |    41 ||   160

Table legend: (Time is in decaauts)
 A = Elapsed time spent in this place.
 B = Non-inter-level travel time spent in this place.
 C = Inter-level travel time spent in this place.
 D = Time resting spent in this place.
 E = Time spent auto-exploring this place.
 F = Levels seen in this place.
 G = Mean time per level.
                   A        B        C        D        E       F      G
               +--------+--------+--------+--------+--------+-----+--------+
         Total |   9157 |   8943 |    214 |    177 |   7262 |  10 |  915.7 |
       Dungeon |   9155 |   8941 |    214 |    177 |   7262 |   9 | 1017.2 |
        Temple |      1 |      1 |      0 |      0 |      0 |   1 |    1.0 |
               +--------+--------+--------+--------+--------+-----+--------+

Top non-repeatable levels by time:
     D:6: 1474 daAuts
     D:5: 1283 daAuts
     D:4: 1130 daAuts
     D:3: 1016 daAuts
     D:7: 1004 daAuts
     D:1: 890 daAuts
     D:9: 874 daAuts
     D:2: 758 daAuts
     D:8: 722 daAuts
  Temple: 1 daAuts
